cohdb
Replays
Latest Replays
All Replays
Popular Replays
Top Player Replays
Match Explorer
How It Works
Community
CoH3 Stats
Reddit
Sign in to upload your games and track your stats! →
Sign in with Steam
Match 37618712
Unlisted
Match 37618712
Overview
Messages
Build Orders
End
Construct Barracks
Riflemen Squad
Selects Advanced Infantry Battlegroup
Riflemen Squad
Riflemen Squad
M1 Mortar Team
Infantry Support Center
Selects Convert to Ranger Squad
Convert to Ranger Squad
Advanced Logistics
Grenade Package
Selects Frontline Medical Station
Convert to Ranger Squad
Frontline Medical Station
Riflemen Squad
Survival Training
Ranger Squad
Microsoft Outlook
deadsadbadmad
private ryan
x n o i z e
0
0
Comments
sign in to comment!
No comments posted yet!